 Dungeon Crawl Stone Soup version 0.26-a0-682-g294304f6e8 (console) character file.

Game seed: 16465869886661236386

24 om the Skirmisher (level 2, -1/27 HPs)
             Began as a Palentonga Fighter on Oct 20, 2020.
             Slain by a worm (6 damage)
             ... on level 2 of the Dungeon.
             The game lasted 00:01:48 (647 turns).

om the Skirmisher (Palentonga Fighter)               Turns: 647, Time: 00:01:49

Health: -1/27      AC:  9    Str: 19    XL:     2   Next: 79%
Magic:  2/2        EV:  6    Int:  8    God:
Gold:   57         SH:  8    Dex:  9    Spells: 1/1 levels left

rFire    + . .     SeeInvis +   a - +0 war axe
rCold    . . .     Faith    .   c - +0 kite shield
rNeg     . . .     Spirit   .   f - +2 ring mail {rF+}
rPois    .         Reflect  .   b - +0 helmet
rElec    .         Harm     .   (no cloak)
rCorr    .         Rampage  .   (no gloves)
MR       .....                  (no barding)
Stlth    ..........             (no amulet)
HPRegen  0.09/turn              (no ring)
MPRegen  0.08/turn              (no ring)

@: slowed, very slow
A: large, rugged brown scales 3, see invisible, deformed body, roll, armoured
tail
a: Rolling Charge


You were on level 2 of the Dungeon.
You visited 1 branch of the dungeon, and saw 2 of its levels.

You collected 57 gold pieces.

Inventory:

Hand Weapons
 a - a +0 war axe (weapon)
Armour
 b - a +0 helmet (worn)
 c - a +0 kite shield (worn)
 f - a +2 ring mail of fire resistance (worn)
Scrolls
 h - a scroll of remove curse {unknown}
Potions
 d - a potion of might
 e - a potion of stabbing {unknown}
 g - a potion of lignification {unknown}


   Skills:
 + Level 3.2 Fighting
 * Level 2.6 Axes
 + Level 2.6 Armour
 + Level 2.6 Shields


You had one spell level left.
You didn't know any spells.
Your spell library was empty.

Dungeon Overview and Level Annotations

Branches:
Dungeon (2/15)

Altars:

Annotations:
D:2 Jessica, Sigmund


Innate Abilities, Weirdness & Mutations

You are completely covered in rugged brown scales. (AC +3, +7% HP)
You have supernaturally acute eyesight. (SInv)
Armour fits poorly on your strangely shaped body.
You can roll at foes to attack.
You have a long armoured tail.


Message History

A hobgoblin comes into view. It is wielding a +0 club.
Jessica hits you but does no damage.
A dart slug comes into view.
The hobgoblin shouts!
You hit Jessica.
Jessica is almost dead.
You hit the worm. x2
Jessica gestures wildly while chanting.
Jessica blinks!
The worm bites you!
* * * LOW HITPOINT WARNING * * *
The worm bites you.
* * * LOW HITPOINT WARNING * * *
The worm completely misses you. Jessica hits you but does no damage.
The dart slug launches a dart at you.
The slug dart hits you but does no damage.
There's nothing you can charge at!
Jessica looks very angry.
Jessica hits you but does no damage. The worm bites you.
You die...

.###.#.#.##
#..........#
#..........#
#..........# #
...........##.# ##
..............#. .
....g........... .#
.......w@....... ..
.......@w..$.... ..
#...#........... ##
#...........
##...........
#######............
#..<...............
#.....w#........##.
#......##########
#......# #......#
#.....>#


You could see 2 worms, a dart slug, Jessica (fast) and a hobgoblin.

Vanquished Creatures
  An adder (D:2)
  A dart slug (D:1)
  A leopard gecko (D:2)
  A bat (D:1)
  3 giant cockroaches (D:1)
  A hobgoblin (D:1)
  A kobold (D:1)
  A frilled lizard (D:1)
  2 rats
12 creatures vanquished.

Vanquished Creatures (others)
  A fungus (D:1)
1 creature vanquished.

Grand Total: 13 creatures vanquished

Notes
Turn   | Place    | Note
-------+----------+-------------------------------------------
     0 | D:1      | om the Palentonga Fighter began the quest for the Orb.
     0 | D:1      | Reached XP level 1. HP: 20/20 MP: 1/1
   261 | D:1      | Reached XP level 2. HP: 21/27 MP: 2/2
   496 | D:2      | Noticed Sigmund
   639 | D:2      | Noticed Jessica
   647 | D:2      | Slain by a worm

Illustrated notes

Levels and vault maps discovered:
D:1:      dpeg_arrival_prison, layout_rooms, minmay_ruptured
D:2:      layout_rooms, fiery_altar_vehumet, grunt_temple_overflow_open,
          uniq_jessica, uniq_sigmund

Action                   || total
-------------------------++-------
Melee: War axe           ||    43
       Tailslap          ||     3
 Abil: Rolling Charge    ||     7
Armor: Ring mail         ||    26
       Scale mail        ||     3
Dodge: Dodged            ||    16
Block: Kite shield       ||    23

Table legend: (Time is in decaauts)
 A = Elapsed time spent in this place.
 B = Non-inter-level travel time spent in this place.
 C = Inter-level travel time spent in this place.
 D = Time resting spent in this place.
 E = Time spent auto-exploring this place.
 F = Levels seen in this place.
 G = Mean time per level.
                   A        B        C        D        E       F      G
               +--------+--------+--------+--------+--------+-----+--------+
         Total |    670 |    643 |     27 |    139 |    373 |   2 |  335.0 |
       Dungeon |    670 |    643 |     27 |    139 |    373 |   2 |  335.0 |
               +--------+--------+--------+--------+--------+-----+--------+

Top non-repeatable levels by time:
     D:1: 601 daAuts
     D:2: 68 daAuts
